 Dungeon Sprint DCSS version 0.18-a0-1799-g6250cb2 (webtiles) character file.

5195 Kidiri the Basher (level 10, -17/166 HPs)
             Began as a Troll Berserker on Apr 23, 2016.
             Was the Champion of Trog.
             Killed from afar by a deep elf annihilator (19 damage)
             ... with a bolt of lightning
             ... in the Dungeon (Sprint V: "Ziggurat Sprint").
             The game lasted 00:06:49 (1121 turns).

Kidiri the Basher (Troll Berserker)                 Turns: 1121, Time: 00:06:50

Health: -17/166    AC: 33    Str: 35    XL:     10   Next: 34%
Magic:  13/13      EV:  7    Int:  3    God:    Trog [******]
Gold:   0          SH:  0    Dex:  9    Spells: 0 memorised, 9 levels left

rFire  + + +     SeeInvis .     y - +7 great mace "Firestarter" {inner flame, rF++}
rCold  + + .     Gourm    +     j - +5 gold dragon armour
rNeg   . . .     Faith    .     (shield currently unavailable)
rPois  +         Spirit   .     (helmet restricted)
rElec  .         Dismiss  .     (no cloak)
rCorr  .         Reflect  .     (gloves unavailable)
SustAt .         Harm     .     (boots unavailable)
MR     .....     NoTele   +     (no amulet)
Stlth  ..........               A - ring of Puti {rPois rC+}
                                a - ring of Robustness {AC+8}

@: berserking, very quick, not resistant to hostile enchantments, extremely
unstealthy
A: unfitting armour, claws 3, fast metabolism 3, gourmand, regeneration 2,
shaggy fur 1, tough skin 2
a: Berserk, Trog's Hand, Brothers in Arms, Burn Spellbooks, Renounce Religion


You were in the Dungeon.
You worshipped Trog.
Trog was exalted by your worship.
You were not hungry.

You visited 1 branch

Inventory:

Hand Weapons
 b - the +5 Mace of Variability {chaos}
   (You found it in the Dungeon)

   Each time it hits an enemy it has a different, random effect.
 y - the +7 great mace "Firestarter" (weapon) {inner flame, rF++}
   (You found it in the Dungeon)

   It has been specially enchanted to burn those struck by it, causing extra
   injury to most foes and up to half again as much damage against particularly
   susceptible opponents.
   It greatly protects you from fire.
Armour
 j - a +5 gold dragon armour (worn)
Jewellery
 a - the ring of Robustness (left claw) {AC+8}
   (You found it in the Dungeon)

   [ring of protection]

   It affects your AC (+8).
 A - the ring of Puti (right claw) {rPois rC+}
   (You found it in the Dungeon)

   [ring of poison resistance]

   It protects you from cold.
   It protects you from poison.
 C - a +6 ring of strength
 D - a +6 ring of strength
 K - the ring "Qounahinn" {rCorr rElec rPois}
   (You found it in the Dungeon)

   [ring of resist corrosion]

   It insulates you from electricity.
   It protects you from poison.
Wands
 E - a wand of disintegration (5/24)
 F - a wand of iceblast (5/15)
 G - a wand of lightning (5/15)
 H - a wand of acid (5/15)
Scrolls
 i - 4 scrolls of blinking
 n - 3 scrolls of brand weapon
 q - 3 scrolls of recharging
 r - 7 scrolls of fog
 s - a scroll of holy word
 t - 4 scrolls of identify
 u - 5 scrolls of remove curse
 v - 2 scrolls of fear
 z - 4 scrolls of enchant weapon
Potions
 d - 10 potions of curing
 e - 6 potions of heal wounds
 f - 6 potions of haste
 g - 7 potions of magic
 h - 3 potions of berserk rage
 k - 2 potions of brilliance
 l - 2 potions of invisibility
 m - 3 potions of resistance
 o - 5 potions of agility
 p - 5 potions of might
Miscellaneous
 I - a plain deck of changes {Focus}
Comestibles
 c - 6 bread rations
 w - 42 fruits
 x - 4 meat rations


   Skills:
 * Level 10.3 Fighting
 * Level 11.1 Maces & Flails
 * Level 9.9 Armour
 * Level 10.3 Dodging
 + Level 6.3 Evocations


You had 9 spell levels left.
You didn't know any spells.

Dungeon Overview and Level Annotations

Branches:
Dungeon (1/1)

Altars:
Ashenzari
Cheibriados
Dithmenos
Elyvilon
Fedhas
Gozag
Kikubaaqudgha
Makhleb
Nemelex Xobeh
Okawaru
Pakellas
Qazlal
Ru
Sif Muna
Trog
Vehumet
Xom
Yredelemnul
Zin
The Shining One
Beogh
Jiyva
Lugonu


Innate Abilities, Weirdness & Mutations

You are too large for most types of armour.
You have claws for hands.
Your metabolism is lightning-fast.
You like to eat raw meat.
You heal very quickly.
You are covered in fur (AC +1).
You have very tough skin (AC +2).


Message History

The mace of holy wrath resists.
The mace of holy wrath is moderately damaged.
The fiery explosion engulfs the fire elemental.
The fire elemental completely resists.
The fiery explosion engulfs you! You resist.
* * * LOW HITPOINT WARNING * * *
The fiery explosion engulfs the halberd of protection.
The halberd of protection resists.
The halberd of protection is moderately damaged.
Your Maces & Flails skill increases to level 11!
You are engulfed in roaring flames.
You resist.
The mace of holy wrath is engulfed in roaring flames.
The mace of holy wrath hits you but does no damage.
The deep elf mage gestures wildly while chanting.
The deep elf mage blinks!
The deep elf annihilator casts a spell at you.
The bolt of lightning hits you!
* * * LOW HITPOINT WARNING * * *
The bolt of lightning hits you!
You die...

▓...8©8...▓
▓..))?§...▓.."=.|=..▓
▓...)§e}..▓...|[....▓
▓....E....▓.........▓
▓....e.§..▓.........▓
▓....e§...▓.........▓
▓...§.(...▓....)....▓
▓.§e(§E...▓.▓..)..▓.▓
▓.▓e§@§.▓.▓.........▓
▓...e.....▓▓▓▓▓▓▓▓▓▓▓
▓▓▓▓▓▓▓▓▓▓▓


You could see 2 deep elf annihilators, a deep elf high priest, 3 deep elf magi,
2 fire elementals and 2 dancing weapons.

Vanquished Creatures
  A dancing weapon (D)
  A smoke demon (D)
  A naga mage (D)
  A black mamba (D)
  An eye of devastation (D)
  A slime creature (D)
  3 air elementals (D)
  2 spriggans (D)
  A golden eye (D)
  An insubstantial wisp (D)
  A naga (D)
  4 hell hounds (D)
  A giant eyeball (D)
  2 water moccasins (D)
  An eye of draining (D)
  A wolf (D)
  5 jellies (D)
  2 quasits (D)
  11 starcursed masses (D)
  An orc priest (D)
  An iron imp (D)
  2 adders (D)
  3 shadow imps (D)
  4 white imps (D)
  2 oozes (D)
  An adder skeleton (D)
  An orc (D)
  5 ball pythons (D)
  A bat skeleton (D)
  A jackal zombie (D)
63 creatures vanquished.

Vanquished Creatures (others)
  2 wind drakes (D)
2 creatures vanquished.

Grand Total: 65 creatures vanquished

Notes
Turn   | Place    | Note
--------------------------------------------------------------
     0 | D        | Kidiri the Troll Berserker began the quest for the Orb.
     0 | D        | Reached XP level 1. HP: 22/22 MP: 0/0
    35 | D        | Found a viscous altar of Jiyva.
    35 | D        | Found a roughly hewn altar of Beogh.
    35 | D        | Found a corrupted altar of Lugonu.
    35 | D        | Found a white marble altar of Elyvilon.
    35 | D        | Found a sparkling altar of Nemelex Xobeh.
    36 | D        | Found a burning altar of Makhleb.
    36 | D        | Found an iron altar of Okawaru.
    36 | D        | Found a deep blue altar of Sif Muna.
    36 | D        | Found a radiant altar of Vehumet.
    36 | D        | Found a bloodstained altar of Trog.
    36 | D        | Found a shimmering altar of Xom.
    80 | D        | Reached skill level 4 in Maces & Flails
    80 | D        | Reached skill level 1 in Evocations
    80 | D        | Reached XP level 2. HP: 32/32 MP: 0/2
    81 | D        | Entered arena 1.
    84 | D        | Reached XP level 3. HP: 38/39 MP: 0/3
   117 | D        | Entered arena 2.
   117 | D        | Noticed a spriggan
   117 | D        | Noticed a wolf
   117 | D        | Noticed a spriggan
   122 | D        | Killed a wolf
   122 | D        | Killed a spriggan
   122 | D        | Reached ** piety under Trog
   122 | D        | Reached skill level 5 in Fighting
   122 | D        | Reached skill level 5 in Maces & Flails
   122 | D        | Reached skill level 5 in Dodging
   122 | D        | Reached XP level 4. HP: 50/50 MP: 3/5
   122 | D        | Reached XP level 5. HP: 57/57 MP: 3/6
   122 | D        | Reached skill level 6 in Maces & Flails
   122 | D        | Reached XP level 6. HP: 63/67 MP: 3/7
   122 | D        | Killed a spriggan
   122 | D        | Reached skill level 5 in Armour
   283 | D        | Entered arena 3.
   283 | D        | Noticed a hell hound
   287 | D        | Reached *** piety under Trog
   301 | D        | Killed a hell hound
   301 | D        | Reached skill level 7 in Maces & Flails
   301 | D        | Reached XP level 7. HP: 72/76 MP: 8/8
   344 | D        | Entered arena 4.
   344 | D        | Noticed a golden eye
   344 | D        | Noticed a slime creature
   352 | D        | Killed a golden eye
   352 | D        | Reached **** piety under Trog
   353 | D        | Killed a slime creature
   353 | D        | Reached skill level 8 in Maces & Flails
   396 | D        | Entered arena 5.
   400 | D        | Reached ***** piety under Trog
   400 | D        | Reached XP level 8. HP: 83/87 MP: 10/10
   408 | D        | Received a gift from Trog
   520 | D        | Entered arena 6.
   701 | D        | Entered arena 7.
   701 | D        | Noticed an air elemental
   701 | D        | Noticed a wind drake
   701 | D        | Noticed an air elemental
   701 | D        | Noticed a wind drake
   701 | D        | Noticed an air elemental
   705 | D        | Killed an air elemental
   705 | D        | Killed an air elemental
   705 | D        | Reached skill level 9 in Maces & Flails
   706 | D        | Killed a wind drake
   706 | D        | Reached skill level 5 in Evocations
   709 | D        | Killed an air elemental
   709 | D        | Reached XP level 9. HP: 29/97 MP: 11/11
   715 | D        | Killed a wind drake
   784 | D        | Entered arena 8.
   784 | D        | Noticed a black mamba
   784 | D        | Noticed a naga mage
   787 | D        | Killed a black mamba
   787 | D        | Received a gift from Trog
   804 | D        | Killed a naga mage
   804 | D        | Reached ****** piety under Trog
   804 | D        | Reached skill level 10 in Maces & Flails
   807 | D        | Received a gift from Trog
   818 | D        | Got the ring of Puti {rPois rC+}
   823 | D        | Received a gift from Trog
   904 | D        | Entered arena 9.
   904 | D        | Noticed an eye of devastation
   908 | D        | Received a gift from Trog
   911 | D        | Killed an eye of devastation
   951 | D        | Got the ring "Qounahinn" {rCorr rElec rPois}
  1002 | D        | Entered arena 10.
  1002 | D        | Noticed a starcursed mass
  1002 | D        | Noticed a smoke demon
  1004 | D        | Received a gift from Trog
  1004 | D        | Received a gift from Trog
  1010 | D        | Killed a smoke demon
  1010 | D        | Received a gift from Trog
  1010 | D        | Reached XP level 10. HP: 52/110 MP: 13/13
  1012 | D        | Paralysed by accursed screaming for 1 turns
  1015 | D        | Paralysed by accursed screaming for 2 turns
  1018 | D        | Reached skill level 10 in Dodging
  1021 | D        | Reached skill level 10 in Fighting
  1022 | D        | Killed a starcursed mass
  1115 | D        | Entered arena 11.
  1115 | D        | Noticed a deep elf annihilator
  1115 | D        | Noticed a deep elf high priest
  1115 | D        | Noticed a deep elf mage
  1115 | D        | Noticed a scimitar of flaming
  1116 | D        | Noticed a halberd of protection
  1116 | D        | Noticed a deep elf annihilator
  1116 | D        | Noticed a deep elf mage
  1116 | D        | Noticed a mace of holy wrath
  1116 | D        | Noticed a deep elf mage
  1121 | D        | Killed a scimitar of flaming
  1121 | D        | Reached skill level 11 in Maces & Flails
  1121 | D        | HP: 2/166 [deep elf annihilator/bolt of lightning (25)]
  1121 | D        | Killed from afar by a deep elf annihilator

Vault maps used:
D:        sprint_v

Skill      XL: |  1  2  3  4  5  6  7  8  9 10 |
---------------+-------------------------------+-----
Fighting       | 3 4 5 6 7 8 9 10 | 10.3
Maces & Flails | 4 5 6 7 8 9 10 11 | 11.1
Armour         | 2 3 4 5 6 8 9 |  9.9
Dodging        | 3 4 5 6 7 8 9 10 | 10.3
Evocations     | 1 2 3 4 5 6 |  6.3

Action                   |  1- 3 |  4- 6 |  7- 9 | 10-12 || total
-------------------------+-------+-------+-------+-------++-------
Melee: Great mace        |     6 |    18 |    72 |    18 ||   114
Invok: Burn Spellbooks   |       |       |     4 |     1 ||     5
       Berserk           |       |       |     2 |     2 ||     4
Evoke: Wand              |       |       |     2 |       ||     2
  Use: Potion            |     2 |       |     2 |     2 ||     6
       Scroll            |       |       |       |     1 ||     1
  Eat: Chunk             |     5 |     3 |     3 |       ||    11
Armor: Gold dragon armou |    13 |    27 |   206 |    29 ||   275
Dodge: Dodged            |     5 |     4 |    92 |    10 ||   111
